 Dungeon Crawl Stone Soup version 0.23.2-30-g0e89c35649 (webtiles) character file.

Game seed: 4839105759424235546

2093 Matador8 the Firebug (level 9, -7/71 HPs)
             Began as a Black Draconian Fire Elementalist on June 20, 2019.
             Was a Believer of Sif Muna.
             Splashed by a crimson imp's acid (18 damage)
             ... on level 7 of the Dungeon.
             The game lasted 00:56:55 (9080 turns).

Matador8 the Firebug (DrFE)                         Turns: 9080, Time: 00:56:56

Health: -7/71      AC:  5    Str: 11    XL:     9   Next: 7%
Magic:  1/14       EV: 14    Int: 18    God:    Sif Muna [**....]
Gold:   455        SH:  0    Dex: 12    Spells: 9/15 levels left

rFire    . . .     SeeInvis .   D - +0 rapier (elec)
rCold    . . .     Gourm    .   (no shield)
rNeg     . . .     Faith    .   (armour unavailable)
rPois    .         Spirit   .   (helmet restricted)
rElec    +         Reflect  .   v - +0 cloak
rCorr    .         Harm     .   (no gloves)
MR       .....                  y - +0 pair of boots
Stlth    ++........             (no amulet)
HPRegen  0.21/turn              (no ring)
MPRegen  0.14/turn              (no ring)

@: about to teleport, corroded
A: breathe lightning, unfitting armour, electricity resistance, cold-blooded, AC
+7
a: Breathe Lightning, Divine Energy, Renounce Religion


You were on level 7 of the Dungeon.
You worshipped Sif Muna.
Sif Muna was pleased with you.
You were not hungry.

You visited 1 branch of the dungeon, and saw 7 of its levels.
You also visited: Sewer.

You collected 455 gold pieces.

Inventory:

Hand Weapons
 a - a +0 short sword
 h - a +0 dagger of venom
 m - a +4 hunting sling
 D - a +0 rapier of electrocution (weapon)
Missiles
 l - 17 sling bullets
Armour
 v - a +0 cloak (worn)
 y - a +0 pair of boots (worn)
Jewellery
 z - a +3 ring of strength {unknown}
Wands
 A - a wand of paralysis (4)
Scrolls
 e - 2 scrolls of identify
 g - 6 scrolls of teleportation
 n - 4 scrolls of amnesia
 p - 2 scrolls of immolation {unknown}
 r - 6 scrolls of remove curse
 s - 2 scrolls of fog {unknown}
 t - 2 scrolls of magic mapping {unknown}
 w - 3 scrolls of enchant weapon
 x - a scroll of noise {unknown}
Potions
 c - a potion of agility {unknown}
 d - 4 potions of flight
 f - 4 potions of mutation
 i - 2 potions of might
 j - a potion of lignification {unknown}
 k - a potion of brilliance {unknown}
 o - 2 potions of resistance {unknown}
 q - a potion of degeneration {unknown}
 u - a potion of invisibility {unknown}
 B - 2 potions of curing {unknown}
 C - 2 potions of magic {unknown}
Comestibles
 b - 14 rations
 E - 3 chunks of flesh


   Skills:
 - Level 4.1 Fighting
 - Level 3.0 Short Blades
 - Level 4.7 Dodging
 - Level 1.7 Stealth
 + Level 3.9 Spellcasting
 + Level 5.5 Conjurations
 - Level 6.1 Fire Magic
 - Level 4.3 Invocations


You had 9 spell levels left.
You knew the following spells:

 Your Spells              Type           Power        Failure   Level  Hunger
a - Flame Tongue          Conj/Fire      ###..        1%          1    None
b - Conjure Flame         Conj/Fire      ###.....     4%          3    ###....
c - Throw Flame           Conj/Fire      ###...       1%          2    ##.....

Your spell library contained the following spells:

 Spells                   Type           Power        Failure   Level  Hunger
 Throw Frost              Conj/Ice       ##....       8%          2    ##.....
 Inner Flame              Hex/Fire       ##......     13%         3    ###....
 Sticky Flame             Conj/Fire      ###.....     14%         4    ####...
 Freeze                   Ice            #...         16%         1    None
 Fireball                 Conj/Fire      ###.......   36%         5    ######.
 Ozocubu's Armour         Chrm/Ice       #.......     41%         3    ###....
 Throw Icicle             Conj/Ice       ##......     43%         4    ####...
 Summon Ice Beast         Ice/Summ       #.......     83%         4    ####...


Dungeon Overview and Level Annotations

Branches:
Dungeon (7/15)             Temple (0/1) D:7

Altars:
Cheibriados
Dithmenos
Elyvilon
Gozag
Okawaru
Qazlal
Sif Muna
Wu Jian
Xom

Shops:
D:6 [

Annotations:
D:4 Menkaure


Innate Abilities, Weirdness & Mutations

You can breathe wild blasts of lightning.
Your glossy black scales are hard. (AC +7)
You cannot fit into any form of body armour.
You are resistant to electric shocks. (rElec)
You are cold-blooded and may be slowed by cold attacks.


Message History

The ogre hits you with a +0 giant club!
You hit the ogre.
You kill the ogre!
Sif Muna accepts your kill.
The crimson imp zaps a wand.
The bolt of acid hits you! The acid corrodes you!
You are splashed with acid!
Things that are here:
a +0 giant club; an ogre corpse The crimson imp throws a tomahawk.
The tomahawk barely misses you.
The crimson imp throws a tomahawk.
The tomahawk closely misses you.
Casting: Flame Tongue (safe; 1% risk of failure)
Confirm with . or Enter, or press ? or * to list all spells.
You can't see any susceptible monsters within range! (Use Z to cast anyway.) Unknown command.
As you read the scroll of teleportation, it crumbles to dust.
You feel strangely unstable.
The crimson imp zaps a wand.
The bolt of acid hits you!!
* * * LOW HITPOINT WARNING * * *
You are splashed with acid!!
You die...

....... # ###
#.........#.####..
......#'#........ ##.
......'_'.......# ..
.....?#'#.......#
##.##5...........##..
#..#.%..#........##..
#..@............#...
##..(............#..
#.()##>..........#..
##(.## #............
###..###............
#..................#
###.#....##......)##
#####..#.........#
#####.....###.....


You could see a crimson imp.

Vanquished Creatures
  Duvessa (D:5)
  A phantom (D:6)
  An ice beast (D:6)
  An orc warrior (D:5)
  A necrophage (D:7)
  An ogre (D:7)
  A centaur (D:6)
  A crocodile (D:6)
  A big kobold (Sewer)
  A bullfrog (D:6)
  Dowan (D:5)
  3 scorpions
  2 electric eels (D:6)
  2 howler monkeys
  2 crimson imps (D:5)
  3 orc priests
  A bullfrog zombie (D:7)
  3 hounds
  A jelly (D:7)
  2 orc wizards
  Crazy Yiuf (D:2)
  A centaur skeleton (D:7)
  3 worker ants
  2 iguanas
  Robin (D:2)
  8 gnolls
  8 adders
  A shadow imp (D:6)
  2 oozes
  A worm (D:4)
  5 dart slugs
  7 leopard geckos
  23 orcs
  7 giant cockroaches
  15 goblins
  10 hobgoblins
  13 jackals
  18 kobolds
  A quokka (D:3)
  2 ball pythons
  5 bats
  6 frilled lizards
  A jackal skeleton (D:2)
  A quokka zombie (D:6)
  17 rats
189 creatures vanquished.

Vanquished Creatures (others)
  A rat (D:2)
1 creature vanquished.

Grand Total: 190 creatures vanquished

Notes
Turn   | Place    | Note
-------+----------+-------------------------------------------
     0 | D:1      | Matador8 the Draconian Fire Elementalist began the quest
                  | for the Orb.
     0 | D:1      | Reached XP level 1. HP: 14/14 MP: 3/3
   336 | D:1      | Reached XP level 2. HP: 20/20 MP: 0/5
   691 | D:1      | Reached XP level 3. HP: 26/26 MP: 0/6
   911 | D:2      | Learned a level 3 spell: Conjure Flame
   952 | D:2      | Reached skill level 1 in Short Blades
  1177 | D:2      | Noticed Robin
  1235 | D:2      | Killed Robin
  1235 | D:2      | Reached XP level 4. HP: 31/33 MP: 0/7
  1386 | D:2      | Found a white marble altar of Elyvilon.
  1433 | D:2      | Found a runed translucent door.
  1434 | D:2      | Noticed Crazy Yiuf
  1784 | D:2      | Found a shimmering altar of Xom.
  2131 | D:3      | Reached XP level 5. HP: 21/38 MP: 2/8
  2326 | D:3      | Found an ornate altar of the Wu Jian Council.
  2408 | D:3      | Found a deep blue altar of Sif Muna.
  2425 | D:3      | Became a worshipper of Sif Muna the Loreminder
  2433 | D:3      | Found a glowing drain.
  2458 | Sewer    | Entered a sewer
  2479 | Sewer    | Learned a level 2 spell: Throw Flame
  2544 | Sewer    | Reached skill level 4 in Fire Magic
  2814 | Sewer    | Found a white marble altar of Elyvilon.
  2952 | D:3      | Noticed an air elemental
  2953 | D:3      | Found a stormy altar of Qazlal.
  2954 | D:3      | Noticed a fire elemental
  2954 | D:3      | Noticed a water elemental
  3069 | D:3      | Reached XP level 6. HP: 26/45 MP: 1/9
  3244 | D:3      | Reached * piety under Sif Muna
  3978 | D:4      | Reached skill level 5 in Fire Magic
  4312 | D:4      | Reached skill level 5 in Conjurations
  4312 | D:4      | Your scales start taking on a glossy black colour.
  4312 | D:4      | Reached XP level 7. HP: 34/50 MP: 8/10
  4312 | D:4      | Gained mutation: You are resistant to electric shocks.
                  | (rElec) [Black Draconian growth]
  4427 | D:4      | Found an opulent altar of Gozag.
  4429 | D:4      | Noticed Menkaure
  4593 | D:2      | Killed Crazy Yiuf
  4769 | D:3      | Reached skill level 1 in Fighting
  5306 | D:5      | Entered Level 5 of the Dungeon
  5355 | D:5      | Found an iron altar of Okawaru.
  6342 | D:5      | Noticed Duvessa
  6342 | D:5      | Noticed Dowan
  6634 | D:6      | Reached XP level 8. HP: 44/66 MP: 11/11
  6943 | D:6      | Reached skill level 1 in Invocations
  7457 | D:6      | Found Yxeda's Antique Armour Boutique.
  8161 | D:7      | Noticed a hippogriff
  8202 | D:7      | Found a shadowy altar of Dithmenos.
  8206 | D:7      | Reached ** piety under Sif Muna
  8428 | D:5      | Killed Dowan
  8500 | D:5      | Killed Duvessa
  8500 | D:5      | Reached skill level 6 in Fire Magic
  8965 | D:7      | Found a staircase to the Ecumenical Temple.
  8983 | D:7      | Found a snail-covered altar of Cheibriados.
  9008 | D:7      | Reached XP level 9. HP: 68/71 MP: 2/14
  9080 | D:7      | Splashed by a crimson imp's acid

Skill      XL: |  1  2  3  4  5  6  7  8 |
---------------+-------------------------+-----
Conjurations   | 2 3 5 |  5.5
Short Blades   | 1 2 3 |  3.0
Fire Magic     | 4 5 6 |  6.1
Dodging        | 4 |  4.7
Fighting       | 4 |  4.1
Invocations    | 4 |  4.3
Spellcasting   | 3 |  3.9
Stealth        | |  1.7

Action                   |  1- 3 |  4- 6 |  7- 9 || total
-------------------------+-------+-------+-------++-------
Melee: Unarmed           |     7 |       |       ||     7
       Short sword       |    43 |       |       ||    43
       Tailslap          |     3 |    17 |    22 ||    42
       Dagger            |       |   171 |   252 ||   423
       Rapier            |       |       |    15 ||    15
 Cast: Flame Tongue      |    57 |    62 |    66 ||   185
       Conjure Flame     |     1 |     9 |     8 ||    18
       Throw Flame       |       |    15 |    45 ||    60
Invok: Divine Energy     |       |       |     1 ||     1
       Stop Divine Energ |       |       |     1 ||     1
 Abil: Breathe Lightning |       |       |     1 ||     1
  Use: Scroll            |       |     3 |     6 ||     9
       Potion            |       |     1 |     1 ||     2
 Stab: Sleeping          |     2 |     3 |     1 ||     6
  Eat: Chunk             |     2 |    14 |     9 ||    25
       Ration            |       |       |     3 ||     3
Armor: Skin              |    14 |    33 |    74 ||   121
Dodge: Dodged            |    52 |   102 |   197 ||   351
